 Dungeon Crawl Stone Soup version 0.30.1-11-g7821555f0a (webtiles) character file.

Game seed: 2959254445099498593

2505 CrazyMind the Destroyer (level 9, -12/48 HPs)
             Began as a Deep Elf Conjurer on Dec 1, 2023.
             Was an Initiate of Gozag.
             Shot with a sling bullet by Joseph (24 damage)
             ... on level 7 of the Dungeon.
             The game lasted 00:34:29 (7692 turns).

CrazyMind the Destroyer (Deep Elf Conjurer)         Turns: 7692, Time: 00:34:30

Health: -12/48     AC:  5    Str:  4    XL:     9   Next: 28%
Magic:  13/23      EV: 13    Int: 28    God:    Gozag
Gold:   689        SH:  0    Dex: 13    Spells: 7/24 levels left

rFire   . . .        f - +0 dagger (flame)
rCold   . . .        (no shield)
rNeg    . . .        a - +1 robe
rPois   .            (no helmet)
rElec   .            (no cloak)
rCorr   .            B - +0 pair of gloves
SInv    .            o - +0 pair of boots
Will    .....        (no amulet)
Stlth   ++++         i - ring of flight
HPRegen 0.28/turn    (no ring)
MPRegen 0.18/turn

%: no passive effects
@: flying
A: no striking features
a: Renounce Religion, Potion Petition, Call Merchant, Bribe Branch


You were on level 7 of the Dungeon.
You worshipped Gozag.
Gozag was pleased with you.
You visited 2 branches of the dungeon, and saw 8 of its levels.
You also visited: Sewer.

You collected 789 gold pieces.
You paid 100 gold pieces to Gozag.

Inventory:

Hand Weapons
 f - a +0 dagger of flaming (weapon)
 q - a +0 whip of venom
 y - a +0 rapier
Missiles
 k - 16 poisoned darts (quivered)
 m - 2 curare-tipped darts
Armour
 a - a +1 robe (worn)
 o - a +0 pair of boots (worn)
 w - a +0 ring mail of fire resistance
 B - a +0 pair of gloves (worn)
Magical Staves
 x - a staff of air
 J - a staff of poison
Jewellery
 i - a ring of flight (left hand)
Wands
 s - a wand of mindburst (6)
 C - a wand of roots (23)
Scrolls
 e - 2 scrolls of teleportation
 g - 4 scrolls of vulnerability
 t - a scroll of torment {unknown}
 u - a scroll of poison {unknown}
 v - 2 scrolls of fear {unknown}
 z - 2 scrolls of noise {unknown}
 A - 2 scrolls of fog {unknown}
 D - a scroll of amnesia {unknown}
 E - a scroll of acquirement {unknown}
 G - a scroll of silence {unknown}
 I - a scroll of brand weapon
Potions
 b - a potion of magic
 c - 2 potions of haste {unknown}
 d - 7 potions of heal wounds
 h - 2 potions of ambrosia
 j - 7 potions of curing
 l - 4 potions of brilliance
 n - 2 potions of berserk rage
 p - 2 potions of might {unknown}
 r - 2 potions of flight
 F - a potion of degeneration {unknown}
 H - a potion of attraction {unknown}


   Skills:
 + Level 2.0 Fighting
 + Level 2.0 Short Blades
 + Level 4.2 Dodging
 + Level 8.1 Stealth
 + Level 8.0 Spellcasting
 * Level 9.9 Conjurations
 + Level 1.9 Hexes
 + Level 0.3 Translocations


You had 7 spell levels left.
You knew the following spells:

 Your Spells              Type           Power      Damage    Failure   Level
a - Magic Dart            Conj           100%       1d8       1%          1
b - Searing Ray           Conj           100%       2d8       1%          2
c - Dazzling Flash        Conj/Hex       88%        N/A       1%          3
d - Iskenderun's Mystic   Conj/Tloc      40%        2d9       6%          4
e - Mephitic Cloud        Conj/Pois/Air  29%        N/A       3%          3
f - Fulminant Prism       Conj/Hex       22%        3d12      4%          4

Your spell library contained the following spells:

 Spells                   Type           Power      Damage    Failure   Level
 Iskenderun's Battlesphe  Conj           61%        2d11      2%          5
 Poisonous Vapours        Pois/Air       22%        N/A       8%          2
 Portal Projectile        Hex/Tloc       34%        N/A       10%         3
 Call Canine Familiar     Summ           11%        N/A       14%         3
 Fireball                 Conj/Fire      19%        3d9       19%         5
 Leda's Liquefaction      Hex/Erth       8%         N/A       32%         4
 Freezing Cloud           Conj/Ice/Air   14%        6-21      34%         5
 Orb of Destruction       Conj           30%        9d10      56%         7
 Conjure Ball Lightning   Conj/Air       19%        3x3d6     69%         6


Dungeon Overview and Level Annotations

Branches:
Dungeon (7/15) Zot: 26273  Temple (1/1) D:4 Zot: 5998   Sewer (visited)

Altars:
Cheibriados
Dithmenos
Elyvilon
Fedhas
Gozag
Hepliaklqana
Kikubaaqudgha
Makhleb
Okawaru
Qazlal
Ru
Sif Muna
Trog
Vehumet
Wu Jian
Xom
Zin
The Shining One

Shops:
D:2 (

Annotations:
D:7 Joseph


Message History

You hit the kobold brigand. You burn the kobold brigand.
The kobold brigand is lightly wounded.
The kobold brigand barely misses you.
You hit the kobold brigand but do no damage.
The kobold brigand is lightly wounded.
The kobold brigand seems less confused.
The kobold brigand hits you but does no damage.
You hit the kobold brigand but do no damage.
The kobold brigand is lightly wounded.
The kobold brigand is no longer blind.
The kobold brigand hits you with a +0 hand axe!
Casting: Dazzling Flash (safe; 1% risk of failure)
Confirm with . or Enter, or press ? or * to list all spells.
Aiming: Searing Ray (safe; 1% risk of failure)
Press: ? - help, Shift-Dir - straight line, f - kobold brigand
Aim: a kobold brigand, wielding a +0 hand axe and quivering poisoned darts (lightly wounded, 79% to hit)
The searing ray hits the kobold brigand but does no damage.
The kobold brigand is lightly wounded. (Press . to maintain the ray.)
The kobold brigand hits you with a +0 hand axe.
The searing ray hits the kobold brigand!
The kobold brigand is heavily wounded.
The kobold brigand barely misses you.
The searing ray hits the kobold brigand!
The kobold brigand is almost dead.
The kobold brigand hits you with a +0 hand axe.
The searing ray hits the kobold brigand.
You kill the kobold brigand!
You finish channelling your searing ray.
Items here: $ (( )))) ?.
Joseph shouts!
Joseph shoots a sling bullet.
The sling bullet hits you!!
* * * LOW HITPOINT WARNING * * *
As you read the scroll of teleportation, it crumbles to dust.
You feel strangely unstable.
Your surroundings suddenly seem different.
Joseph shoots a sling bullet.
The sling bullet hits you!!
Ouch! That really hurt!
You die...
Your body crumbles into a pile of gold.

.........# #.
..........#####.
................
................
#.........)......
#..........###...
#...........##...
##...............# #####
##@...............#
#...###..#.#######..#....
#..........#######..#.###
#.................z...#
#...#.####.##.#..........
#...#.####......###......
#......[..)......###.....
# #####@###)[[###.#.#
.#... . #..##.###...#
#.#... .....


You could see Joseph.

Vanquished Creatures
  A steam dragon (D:6)
  A water moccasin (D:6)
  An orc warrior (D:5)
  2 black bears
  2 ice beasts (D:6)
  3 ogres
  5 kobold brigands
  A bullfrog (D:6)
  9 wights
  An orc priest (D:6)
  5 hounds
  A sleepcap (D:4)
  A gnoll bouda (D:5)
  An iguana (D:7)
  2 orc wizards (D:5)
  9 gnolls
  2 river rats (Sewer)
  13 adders
  4 ufetubi
  4 worms
  4 dart slugs
  10 orcs
  7 ball pythons
  5 bats
  2 endoplasms
  2 giant cockroaches
  6 goblins
  7 hobgoblins
  7 jackals
  3 quokkas
  2 frilled lizards
  28 kobolds
  7 rats
158 creatures vanquished.

Vanquished Creatures (others)
  9 fulminant prisms (D:7)
9 creatures vanquished.

Grand Total: 167 creatures vanquished

Notes
Turn   | Place    | Note
-------+----------+-------------------------------------------
     0 | D:1      | CrazyMind the Deep Elf Conjurer began the quest for the
                  | Orb.
     0 | D:1      | Reached XP level 1. HP: 10/10 MP: 6/6
   301 | D:1      | Reached XP level 2. HP: 11/15 MP: 2/8
   304 | D:1      | Learned a level 2 spell: Searing Ray
   474 | D:1      | Reached skill level 5 in Conjurations
  1257 | D:2      | Reached XP level 3. HP: 17/19 MP: 5/9
  1352 | D:2      | Learned a level 3 spell: Dazzling Flash
  1554 | D:2      | Reached XP level 4. HP: 24/24 MP: 6/10
  1776 | D:2      | Reached skill level 6 in Conjurations
  1881 | D:2      | Found Dorob's Weapon Shop.
  1937 | D:2      | You are sucked into a shaft and drop 1 floor!
  2139 | D:3      | Noticed a black bear
  2153 | D:3      | Killed a black bear
  2154 | D:3      | Reached XP level 5. HP: 19/28 MP: 3/12
  2384 | D:3      | Found a glowing drain.
  2396 | Sewer    | Entered a sewer
  2408 | Sewer    | Reached skill level 1 in Short Blades
  2477 | Sewer    | Reached XP level 6. HP: 33/33 MP: 9/13
  2972 | Sewer    | Found a white marble altar of Elyvilon.
  3231 | D:3      | Found a glowing golden altar of the Shining One.
  3235 | D:3      | Found a glowing silver altar of Zin.
  3236 | D:3      | Found a white marble altar of Elyvilon.
  3878 | D:4      | Found a staircase to the Ecumenical Temple.
  3885 | Temple   | Entered the Ecumenical Temple
  3894 | D:4      | Reached skill level 5 in Stealth
  4078 | D:4      | Found a sacrificial altar of Ru.
  4490 | D:4      | Found a snail-covered altar of Cheibriados.
  4492 | D:4      | Found an opulent altar of Gozag.
  4521 | D:5      | Entered Level 5 of the Dungeon
  4541 | D:5      | Reached skill level 7 in Conjurations
  4626 | D:5      | Reached XP level 7. HP: 33/37 MP: 12/16
  4656 | D:5      | Reached skill level 1 in Fighting
  4656 | D:5      | Reached skill level 5 in Spellcasting
  4662 | D:5      | Learned a level 4 spell: Iskenderun's Mystic Blast
  4667 | D:5      | Learned a level 4 spell: Fulminant Prism
  4944 | D:4      | Found a shadowy altar of Dithmenos.
  4946 | D:4      | Became a worshipper of Gozag Ym Sagoz the Greedy
  5505 | D:5      | Learned a level 3 spell: Mephitic Cloud
  5590 | D:5      | Found an iron altar of Okawaru.
  5843 | D:6      | Reached skill level 8 in Conjurations
  5843 | D:6      | Reached XP level 8. HP: 43/43 MP: 13/19
  6341 | D:6      | Reached skill level 1 in Hexes
  6572 | D:6      | Reached skill level 9 in Conjurations
  7055 | D:7      | Noticed Joseph
  7221 | D:6      | Reached XP level 9. HP: 20/46 MP: 14/22
  7692 | D:7      | Shot with a sling bullet by Joseph

Illustrated notes

Levels and vault maps discovered:
D:1:      giann_horns, layout_basic
D:2:      layout_loops_cross, serial_shops, nicolae_shop_tiny_glass,
          minmay_ruptured
D:3:      layout_loops_corners, good_gods_temple_1, portal_sewer_entry_d,
          minmay_misc_feat_five
D:4:      layout_rooms, kennysheep_mini, nicolae_overflow_hidden_temple,
          minmay_temple_entry_junction_2, nicolae_eternal_life,
          minmay_quadrilaterals
D:5:      nicolae_cairo_tiling, layout_cave_pools, okawaru_ov_weapons_minmay,
          roderic_roman_lattice
D:6:      layout_gridville
D:7:      layout_rooms, mainiacjoe_overflow_swirl, nemelex_dance_club_becter,
          uniq_joseph
Temple:   hellmonk_temple_micro_hex

Skill      XL: |  1  2  3  4  5  6  7  8  9 |
---------------+----------------------------+-----
Conjurations   | 5 6 7 8 9 |  9.9
Stealth        | 4 5 6 7 8 |  8.1
Short Blades   | 1 2 |  2.0
Spellcasting   | 4 6 7 8 |  8.0
Dodging        | 3 4 |  4.2
Fighting       | 1 2 |  2.0
Hexes          | 1 |  1.9
Translocations | |  0.3

Action                     |  1- 3 |  4- 6 |  7- 9 || total
---------------------------+-------+-------+-------++-------
  Melee: Dagger            |     7 |    21 |    47 ||    75
         Unarmed           |     1 |       |       ||     1
         Punch             |       |       |     1 ||     1
  Throw: Dart              |       |       |     8 ||     8
   Cast: Magic Dart        |    23 |    10 |     9 ||    42
         Searing Ray       |    11 |    42 |    38 ||    91
         Dazzling Flash    |       |     1 |    14 ||    15
         Iskenderun's Myst |       |       |     2 ||     2
         Fulminant Prism   |       |       |     9 ||     9
         Mephitic Cloud    |       |       |     2 ||     2
  Evoke: Wand              |       |       |     2 ||     2
    Use: Scroll            |       |     9 |     2 ||    11
         Potion            |       |       |     1 ||     1
   Stab: Sleeping          |     7 |    10 |     5 ||    22
         Invisible         |       |     1 |     4 ||     5
         Distracted        |       |     1 |       ||     1
         Confused          |       |       |     1 ||     1
 Armour: Robe              |     1 |     8 |    22 ||    31
  Dodge: Dodged            |     9 |    42 |    81 ||   132
